 Dungeon Crawl Stone Soup version 0.32-a0-913-g739538afd8 (webtiles) character file.

Game seed: 15510571450984110197

139 jasper the Sneak (level 5, -2/28 HPs)
             Began as a Vampire Enchanter on Apr 7, 2024.
             Was an Initiate of Dithmenos.
             Slain by Duvessa (8 damage)
             ... on level 4 of the Dungeon.
             The game lasted 00:04:58 (2395 turns).

jasper the Sneak (Vampire Enchanter)                Turns: 2395, Time: 00:04:59

Health: -2/28      AC:  2    Str:  7    XL:     5   Next: 1%
Magic:  3/8        EV: 11    Int: 20    God:    Dithmenos [......]
Gold:   163        SH:  0    Dex: 14    Spells: 2/8 levels left

rFire   . . .        a - +1 dagger
rCold   + + .        (no shield)
rNeg    + + +        b - +0 robe
rPois   ∞            (no helmet)
rElec   .            (no cloak)
rCorr   .            (no gloves)
SInv    +            (no boots)
Will    .....        (no amulet)
Stlth   +++++        (no ring)
HPRegen 0.00/turn    (no ring)
MPRegen 0.11/turn

%: no passive effects
@: bloodless, inhibited regen, invisible
A: bloodless, fangs 3, see invisible, vampiric 2
a: Bat Form, Revivify, Renounce Religion


You were on level 4 of the Dungeon.
You worshipped Dithmenos.
Dithmenos was noncommittal.
You visited 1 branch of the dungeon, and saw 4 of its levels.

You collected 163 gold pieces.

Inventory:

Hand Weapons
 a - a +1 dagger (weapon)
Missiles
 i - a javelin (quivered)
Armour
 b - a +0 robe (worn)
 l - the +7 Kryia's mail coat {PotionHeal*2 rC+}
   (You found it on level 3 of the Dungeon)

   PotionHeal*2: Potions heal its wearer twice as much.
   rC+:       It protects you from cold.
Talismans
 g - a granite talisman
Scrolls
 d - 2 scrolls of torment {unknown}
 e - a scroll of immolation {unknown}
 f - 3 scrolls of identify
 h - 2 scrolls of butterflies {unknown}
 j - a scroll of noise {unknown}
Potions
 c - a potion of invisibility
 k - a potion of cancellation


   Skills:
 * Level 4.1 Short Blades
 - Level 2.1 Dodging
 + Level 5.9 Stealth
 - Level 2.0 Spellcasting
 + Level 5.2 Hexes


You had 2 spell levels left.
You knew the following spells:

 Your Spells              Type           Power      Damage    Failure   Level
a - Confusing Touch       Hex            22%        N/A       5%          3
b - Tukima's Dance        Hex            22%        N/A       5%          3

Your spell library contained the following spells:

 Spells                   Type           Power      Damage    Failure   Level
 Ensorcelled Hibernation  Hex/Ice        24%        N/A       9%          2
 Dazzling Flash           Conj/Hex       24%        N/A       16%         3
 Stone Arrow              Conj/Erth      4%         3d7       43%         3
 Animate Armour           Summ/Erth      4%         N/A       83%         4
 Lehudib's Crystal Spear  Conj/Erth      1%         10d2      100%        8


Dungeon Overview and Level Annotations

Branches:
Dungeon (4/15)             Temple (0/1) D:4

Altars:
Dithmenos

Annotations:
D:4 Dowan, Duvessa


Innate Abilities, Weirdness & Mutations

You do not regenerate when monsters are visible.
You are frail without blood (-20% HP).
You can heal yourself when you bite living creatures.
You are immune to poison.
You have razor-sharp teeth.
You have supernaturally acute eyesight. (SInv)
You are afflicted with vampirism and can become a bat while bloodless.


Message History

The javelin pierces through Duvessa but does no damage.
The javelin pierces through Dowan.
Dowan is moderately wounded.
Dowan mumbles something.
Duvessa hits you!
* * * LOW HITPOINT WARNING * * *
You take 7 damage, and have 4/28 hp.
MASSIVE DAMAGE!!
Dowan mumbles something.
Duvessa closely misses you.
As you read the scroll labelled GUALIZE WIYRY, it crumbles to dust.
It is a scroll of identify.
k - a potion of cancellation Duvessa barely misses you.
You fade into invisibility!
You barely miss Duvessa. You hit Duvessa.
Duvessa is lightly wounded.
Dowan hits Duvessa but does no damage.
You hit Duvessa but do no damage.
Duvessa is lightly wounded.
Duvessa closely misses you.
You hit Duvessa.
Duvessa is moderately wounded.
Duvessa hits you.
* * * LOW HITPOINT WARNING * * *
Dowan barely misses you.
You take 3 damage, and have 1/28 hp.
You hit Duvessa but do no damage.
Duvessa is moderately wounded.
You hit Duvessa but do no damage. You bite Duvessa, but do no damage.
Duvessa is moderately wounded.
Dowan hits himself with a +0 dagger.
Duvessa barely misses you.
Okay, then.
You hit Duvessa but do no damage.
Duvessa is moderately wounded.
You catch the helpless Duvessa completely off-guard!
You bite Duvessa, and draw her blood!
You feel better.
You puncture Duvessa!
Duvessa is severely wounded.
Duvessa hits you!
You die...

.......>....#
............#
............#
............#
............#
............+
............# ###
............#
###_###
............#
#@e...#
............#
#♣e..♣#
....e.......#
#.....#
....#e#######
#♣...♣# ....#.#
###'## ....#.# #.#.#
.e..#.# #..(#
e...#.##########.###
....#...)........#


You could see Duvessa (unable to see you) and Dowan (confused, unable to see
you).

Vanquished Creatures
  A scorpion (D:4)
  2 adders
  A ribbon worm (D:3)
  2 dart slugs
  An orc (D:4)
  4 ball pythons
  7 endoplasms
  4 giant cockroaches
  5 goblins
  9 hobgoblins
  2 jackals (D:1)
  3 quokkas
  A bat (D:2)
  3 frilled lizards
  2 kobolds
  6 rats
53 creatures vanquished.

Vanquished Creatures (others)
  A dancing weapon (D:4)
1 creature vanquished.

Grand Total: 54 creatures vanquished

Notes
Turn   | Place    | Note
-------+----------+-------------------------------------------
     0 | D:1      | jasper the Vampire Enchanter began the quest for the Orb.
     0 | D:1      | Reached XP level 1. HP: 13/13 MP: 3/3
   145 | D:1      | Reached XP level 2. HP: 19/19 MP: 5/5
   319 | D:1      | Reached skill level 5 in Stealth
   761 | D:1      | Gained mutation: You are afflicted with vampirism and can
                  | become a bat while bloodless. [Vampire growth]
   761 | D:1      | Reached XP level 3. HP: 10/19 MP: 6/6
   765 | D:1      | Learned a level 3 spell: Confusing Touch
   769 | D:1      | Learned a level 3 spell: Tukima's Dance
  1839 | D:3      | Reached XP level 4. HP: 24/24 MP: 3/7
  1879 | D:3      | Found a shadowy altar of Dithmenos.
  1887 | D:3      | Became a worshipper of Dithmenos the Shadowed
  2265 | D:3      | Found the +7 Kryia's mail coat {PotionHeal*2 rC+}
  2300 | D:4      | Noticed a scorpion
  2304 | D:4      | Killed a scorpion
  2305 | D:4      | Reached skill level 5 in Hexes
  2305 | D:4      | Reached XP level 5. HP: 28/28 MP: 8/8
  2341 | D:4      | Noticed Dowan
  2342 | D:4      | Found a staircase to the Ecumenical Temple.
  2342 | D:4      | Noticed Duvessa
  2391 | D:4      | HP: 1/28 [Duvessa (3)]
  2395 | D:4      | Slain by Duvessa

Illustrated notes

Levels and vault maps discovered:
D:1:      giann_forest_graveyard, layout_loops_ring
D:2:      layout_loops_corners
D:3:      layout_basic, nicolae_dithmenos_the_darkroom, basic_ecumenical_altar,
          chequers_serial_rivers_small_a, uniq_robin
D:4:      layout_basic, mainiacjoe_overflow_concentric_impassable, tso_altar,
          minmay_temple_entry_trees, uniq_duvessa

Skill      XL: |  1  2  3  4 |
---------------+-------------+-----
Short Blades   | 2 3 4 |  4.1
Stealth        | 5 |  5.9
Hexes          | 5 |  5.2
Dodging        | |  2.1
Spellcasting   | |  2.0

Action                     |  1- 3 |  4- 6 || total
---------------------------+-------+-------++-------
  Melee: Dagger            |   145 |    37 ||   182
         Bite              |    16 |     3 ||    19
  Throw: Javelin           |       |     2 ||     2
   Cast: Confusing Touch   |     3 |     3 ||     6
         Tukima's Dance    |       |     2 ||     2
Ability: Exsanguinate      |     1 |       ||     1
    Use: Scroll            |       |     1 ||     1
         Potion            |       |     1 ||     1
   Stab: Sleeping          |    19 |     3 ||    22
         Confused          |     2 |     1 ||     3
         Distracted        |     1 |       ||     1
         Invisible         |       |     1 ||     1
 Armour: Robe              |    57 |    11 ||    68
  Dodge: Dodged            |    61 |    16 ||    77

Table legend: (Time is in decaauts)
 A = Elapsed time spent in this place.
 B = Non-inter-level travel time spent in this place.
 C = Inter-level travel time spent in this place.
 D = Time resting spent in this place.
 E = Time spent auto-exploring this place.
 F = Levels seen in this place.
 G = Mean time per level.
                   A        B        C        D        E       F      G
               +--------+--------+--------+--------+--------+-----+--------+
         Total |   2369 |   2330 |     39 |    195 |   1538 |   4 |  592.2 |
       Dungeon |   2369 |   2330 |     39 |    195 |   1538 |   4 |  592.2 |
               +--------+--------+--------+--------+--------+-----+--------+

Top non-repeatable levels by time:
     D:2: 907 daAuts
     D:1: 829 daAuts
     D:3: 537 daAuts
     D:4: 95 daAuts
